[Event "Asian Amateur-ch Open 2022"]
[Site "Muscat"]
[Date "2022.10.02"]
[Round "1.31"]
[White "Velavaa Ragavesh"]
[Black "Humaid Abdulla, Alzahmi"]
[Result "1-0"]
[ECO "C45"]
[WhiteElo "1698"]
[BlackElo "1074"]
[Annotator "NA RC COMBH"]
[PlyCount "65"]
[EventDate "2022.09.29"]
[EventType "swiss"]
[SourceTitle "playchess.com"]
[Source "ChessBase"]
[SourceQuality "1"]
[TimeControl "5400+30"]

1. e4 e5 2. Nf3 Nc6 3. d4 exd4 4. Nxd4 Bc5 5. Be3 Qf6 6. c3 Nge7 7. Bc4 O-O 8. O-O b6 9. f4 Bb7 10. Be2 Rfe8 11. Bf3 d6 12. Kh1 Rad8 13. Qd2 h6 14. b4 Bxd4 15. cxd4 a6 16. a3 b5 17. Nc3 Na7 18. e5 dxe5 19. fxe5 Qb6 20. d5 c5 21. Bxc5 Qc7 22. Bxa7 Bxd5 23. Nxd5 Nxd5 24. Bxd5 Rxe5 25. Bxf7+ Kh8 26. Qf2 Rf8 27. Bc5 Rh5 28. h3 Rxf7 29. Qxf7 Qe5 30. Rae1 Qg5 31. Re8+ Kh7 32. Qg8+ Kg6 33. Re6+ 1-0

[Event "Asian Amateur-ch Open 2022"]
[Site "Muscat"]
[Date "2022.10.02"]
[Round "1.32"]
[White "Al Yahmedi, Abdul Rahman"]
[Black "Al Amri, Mohammed A"]
[Result "0-1"]
[ECO "A01"]
[WhiteElo "1073"]
[BlackElo "1693"]
[Annotator "NA RC COMBH"]
[PlyCount "66"]
[EventDate "2022.09.29"]
[EventType "swiss"]
[SourceTitle "playchess.com"]
[Source "ChessBase"]
[SourceQuality "1"]
[TimeControl "5400+30"]

1. b3 Nf6 2. Bb2 e6 3. e3 b6 4. Nf3 Bb7 5. c4 Be7 6. d4 d5 7. Qc2 Nbd7 8. Nbd2 h6 9. Bd3 Rc8 10. Rg1 c5 11. O-O-O dxc4 12. bxc4 b5 13. Kb1 cxd4 14. exd4 bxc4 15. Bxc4 Nd5 16. Qd3 Qb6 17. Bb5 Rc3 18. Bxc3 Qxb5+ 19. Nb3 Ba6 20. Qxb5 Nxc3+ 21. Kb2 Nxb5 22. a4 Nd6 23. Nfd2 O-O 24. f4 Rb8 25. Rc1 Nb6 26. Ka2 Nbc4 27. Rc2 Rb4 28. Nc5 Nxd2 29. Rxd2 Bc4+ 30. Ka1 Bd5 31. Rb1 Rc4 32. g4 Bf6 33. Rbd1 Bf3 0-1

[Event "Asian Amateur-ch Open 2022"]
[Site "Muscat"]
[Date "2022.10.02"]
[Round "2.1"]
[White "Madhusoodanan, K.R."]
[Black "Muhammad Shahzeb"]
[Result "1-0"]
[ECO "E18"]
[WhiteElo "1663"]
[BlackElo "1992"]
[Annotator "TA"]
[PlyCount "97"]
[EventDate "2022.09.29"]
[EventType "swiss"]
[SourceTitle "playchess.com"]
[Source "ChessBase"]
[SourceQuality "1"]
[TimeControl "5400+30"]

1. Nf3 Nf6 2. c4 e6 3. g3 b6 4. Bg2 Bb7 5. O-O Be7 6. Nc3 O-O 7. d4 Ne4 8. d5 Nxc3 9. bxc3 d6 10. Re1 {[%emt 0:05:07] E18: Queen's Indian: Old Main Line (4 g3 Bb7 5 Bg2 Be7 6 0-0 0-0 7 Nc3).} e5 11. Rb1 {[%emt 0:04:59][%cal Oc4c5] [#]} (11. c5 $5) 11... Bc8 $146 {[%emt 0:00:18] [#]} (11... Na6 $15) ({Predecessor:} 11... Nd7 12. e4 Re8 13. h4 h6 14. Be3 Rb8 15. Nh2 Bf8 16. Ng4 Nf6 17. Nxf6+ Qxf6 {½-½ (41) Widera,H-Zoeller,B Germany 1989}) 12. Nxe5 $1 $14 {[%emt 0:04:27] White is slightly better.} Bf6 (12... dxe5 13. d6) 13. Nd3 Bxc3 14. Bd2 Bd4 15. e3 Bc5 16. Bc3 Nd7 17. e4 ({Much less strong is} 17. Qg4 Ne5 18. Qd1 Bg4 $14) 17... f6 18. Nxc5 bxc5 19. f4 {[%emt 0:00:26] Inhibits Ne5.} Ba6 20. Qa4 Bc8 21. Ba1 {[%emt 0:10:12] White has more active pieces. The black rooks are badly placed.} Nb6 22. Qc2 Bd7 {[%emt 0:00:53] [#]} (22... Qe8 $16) 23. e5 $1 $18 fxe5 24. fxe5 (24. Be4 $18) 24... Bf5 $16 25. Be4 Bxe4 26. Qxe4 (26. Rxe4 $16 {aiming for Rh4.} dxe5 27. Rxe5 (27. Bxe5 Qd7 $16)) 26... dxe5 $1 $14 27. Qxe5 Qd7 {[%emt 0:01:29] [#]} 28. Qe7 (28. Qe6+ $1 $16 Rf7 29. Re4) 28... Qxe7 $1 $11 29. Rxe7 Rf7 30. Re4 Raf8 31. Rbe1 h6 32. Be5 Rd8 (32... Nc8 $11) 33. Bf4 $16 g5 ({Black should play} 33... Rc8) 34. Be3 Na4 35. Re6 (35. h4 $142) 35... Rd6 36. Bf2 Kh7 37. g4 Rf4 (37... Rxe6 $14 38. dxe6 Re7) 38. Re7+ $18 Kg6 39. Rxc7 (39. h3 $16 {Hoping for Bg3.} Rdf6 40. Bg3) 39... Rxc4 (39... Rxg4+ $14 40. Bg3 Kh5) 40. h3 $16 {[%emt 0:00:19] Black must now prevent Bg3.} Kf6 $2 {[%emt 0:09:30][%mdl 8192] This move loses the game for Black.} (40... Nb6 $16) 41. Rc6 $18 Rxc6 42. dxc6 {[%emt 0:00:10][%mdl 4096] Endgame KRB-KRN} Kf7 43. c7 Nb6 44. Rd1 Re4 45. Rd8 Re8 (45... Re7 $142 46. c8=Q (46. Bxc5 Rxc7 47. Rf8+ Ke6 $11) 46... Nxc8 47. Rxc8 Re2 48. Rxc5 a6 49. Rf5+ Ke8) 46. Bxc5 Nc8 47. Kf2 Re5 48. Rxc8 Rxc5 49. Rh8 {[%emt 0:00:03] Weighted Error Value: White=0.20 (precise) /Black=0.42} 1-0

[Event "Asian Amateur-ch Open 2022"]
[Site "Muscat"]
[Date "2022.10.02"]
[Round "2.2"]
[White "Zholdoshmamatov, Adilet"]
[Black "Junaid Sohail"]
[Result "0-1"]
[ECO "C47"]
[WhiteElo "1654"]
[BlackElo "1981"]
[Annotator "TA"]
[PlyCount "88"]
[EventDate "2022.09.29"]
[EventType "swiss"]
[SourceTitle "playchess.com"]
[Source "ChessBase"]
[SourceQuality "1"]
[TimeControl "5400+30"]

1. e4 e5 2. Nf3 Nc6 3. Nc3 Nf6 4. d4 exd4 5. Nxd4 Bb4 6. Nxc6 bxc6 7. Bd3 d5 8. exd5 O-O 9. O-O cxd5 10. Bg5 c6 11. Qf3 Bd6 {[%emt 0:00:20] 11...h6 is a critical line.} 12. Rfe1 h6 13. Bxf6 {[%emt 0:00:11] C47: Scotch Four Knights and Four Knights with 4 g3.} Qxf6 14. Qxf6 gxf6 15. Ne2 {[%emt 0:00:39] The position is equal.} Be5 16. Rab1 Rb8 17. b3 Be6 18. Ng3 {[%emt 0:02:07] [#]} c5 $146 ({Predecessor:} 18... Rfe8 19. Nf5 h5 20. Rbd1 c5 21. Ne3 Bc3 22. Re2 Kf8 23. Kf1 Rb4 24. Bf5 Rd4 {½-½ (54) Le Roux,J (2551)-Fressinet,L (2715) Belfort 2012}) 19. Bf5 (19. Nf5 $14) 19... Rfe8 20. Rbd1 (20. Re3 $11 {remains equal.}) 20... Bxg3 $17 21. Bxe6 Bxh2+ ({Much worse is} 21... Rxe6 $6 22. hxg3 Kg7 23. f3 $11) (21... Bxf2+ $142 $1 22. Kxf2 fxe6) 22. Kxh2 fxe6 {[%emt 0:00:13][%mdl 4096] Endgame KRR-KRR} 23. Re3 a5 24. Rh3 a4 (24... Kg7 $17) 25. Rxh6 $15 axb3 26. axb3 Kg7 27. Rh3 Ra8 28. c4 ({Better is} 28. f4 $11) 28... d4 29. b4 {[%emt 0:00:00] [#]} (29. g4 $15) 29... e5 ({Don't play} 29... cxb4 $6 30. Rxd4 e5 31. Rd7+ Kg6 32. c5 $11) (29... Ra4 $1 $17 30. bxc5 Rxc4) 30. bxc5 Rac8 (30... Ra4 $15 31. Rc1 Kg6) 31. Rb1 ({White should play} 31. Rh5 $11) 31... Re7 (31... Rxc5 $15 32. Rb7+ Kg6 33. Rg3+ Kf5 34. Rf3+ Kg6 35. Rg3+ Kf5 36. Rf3+ Kg6 37. Rg3+) 32. c6 (32. Rg3+ $11 {keeps the balance.} Kf7 33. Rh3) 32... Rxc6 $17 33. Rb8 Rxc4 34. Rhh8 (34. g4 $17) 34... Kg6 {[%emt 0:00:26] White must now prevent ...Rc2.} 35. Rhg8+ $2 (35. g4) 35... Rg7 36. Rgf8 Rc2 37. Kg1 d3 38. Rbd8 e4 39. Rd6 Rf7 40. Re8 {[%emt 0:03:27] [#]} (40. Rfd8) 40... Re2 $1 $19 41. Rg8+ Kf5 42. Rgd8 (42. Rd5+ $142 Ke6 43. Rgd8) 42... Kf4 {[%emt 0:06:04] ( -> ...Re1+)} 43. Rd5 Re1+ 44. Kh2 Rh7+ {[%emt 0:00:03] Weighted Error Value: White=0.79/Black=0.23 (precise)} 0-1

[Event "Asian Amateur-ch Open 2022"]
[Site "Muscat"]
[Date "2022.10.02"]
[Round "2.3"]
[White "Owlad, Ehsan"]
[Black "Al Amari, Mohammed"]
[Result "1-0"]
[ECO "A46"]
[WhiteElo "1962"]
[BlackElo "1646"]
[Annotator "TA"]
[PlyCount "91"]
[EventDate "2022.09.29"]
[EventType "swiss"]
[SourceTitle "playchess.com"]
[Source "ChessBase"]
[SourceQuality "1"]
[TimeControl "5400+30"]

1. d4 Nf6 2. Nf3 e6 3. Bg5 c5 4. c3 h6 5. Bxf6 Qxf6 6. Nbd2 {[%emt 0:00:23] A46: 1 d4 Nf6 2 Nf3 e6: Torre, London and Colle Systems.} d5 7. e4 cxd4 8. e5 {[%emt 0:02:53] The position is equal.} Qd8 9. Nxd4 {[%emt 0:00:32] [#]} Be7 $146 ({Predecessor:} 9... Nc6 10. Nxc6 bxc6 11. Bd3 Be7 12. O-O g6 13. Qc2 Kf8 14. c4 Bd7 15. f4 h5 {1-0 (43) Gerstner,W (2398)-Pruefer,S (2250) Germany 2005}) 10. f4 O-O 11. Bd3 Nc6 12. O-O Bc5 13. N2b3 Bxd4+ 14. cxd4 a5 15. Bc2 Nb4 16. Bb1 b6 (16... a4 $11 17. Nc5 a3) 17. a3 $40 {[%emt 0:02:46][%mdl 128] Black needs to defend precisely.} Nc6 {[%emt 0:00:19] Black cannot hold the game after this.} (17... Na6 $1 $14) 18. Qc2 $18 {[%emt 0:00:46][%csl Gb1][%cal Rc2h7] [#]} g6 19. Qxc6 Ba6 20. Rd1 Rc8 21. Qd6 Qh4 22. g3 ({Stronger than} 22. Qxb6 Be2 23. Qxa5 (23. g3 Qh5 $11) 23... Bxd1 $11) 22... Qg4 {[%emt 0:01:28] [#]} 23. Re1 h5 24. Qe7 {[%emt 0:04:03] Prevents h4.} Be2 (24... Rc6 $142 25. Qg5 Qxg5 26. fxg5 Kg7) 25. Nd2 Rc6 26. Kf2 Ba6 27. Qh4 Qxh4 28. gxh4 Rfc8 29. Ke3 a4 30. Nf1 ({Don't play} 30. Bd3 Bxd3 31. Kxd3 Rc2 $18) 30... Kf8 31. Ng3 Rc1 (31... Bc4 $142 32. Rc1 Ke8) 32. Bd3 Rxa1 33. Rxa1 Bc4 34. Rc1 b5 35. Ne2 Rb8 36. Nc3 Ke7 (36... b4 $142 37. Nxa4 Bxd3 38. Kxd3 bxa3 39. bxa3 Ra8) 37. Bxc4 dxc4 {[%emt 0:00:35][%mdl 4096] Endgame KRN-KR} 38. Na2 Rd8 39. Nb4 {[%emt 0:00:36] Threatens to win with Nc6+.} Kd7 {[%emt 0:00:20] Inhibits Nc6.} 40. Rd1 Kc7 41. d5 {[%emt 0:00:26][%cal Od5e6] dxe6! is the strong threat.} exd5 42. Rxd5 Rxd5 43. Nxd5+ {[%emt 0:00:12] White mates.} Kc6 44. Kd4 Kd7 45. Kc5 Ke6 46. Ne3 {[%emt 0:00:35] Weighted Error Value: White=0.19 (very precise) /Black=0.34} 1-0

[Event "Asian Amateur-ch Open 2022"]
[Site "Muscat"]
[Date "2022.10.02"]
[Round "2.4"]
[White "Al Kathiri, Mana"]
[Black "Mohammed Tareq Abbood Al-Latoo"]
[Result "0-1"]
[ECO "A06"]
[WhiteElo "1646"]
[BlackElo "1957"]
[Annotator "TA"]
[PlyCount "112"]
[EventDate "2022.09.29"]
[EventType "swiss"]
[SourceTitle "playchess.com"]
[Source "ChessBase"]
[SourceQuality "1"]
[TimeControl "5400+30"]

1. Nf3 Nf6 2. b3 d5 3. Bb2 c5 4. e3 Nc6 5. Bb5 Bg4 6. h3 Bh5 7. g4 {[%emt 0:04:57] A06: Réti Opening: 1 Nf3 d5.} Bg6 8. Ne5 Qc7 9. d3 {[%emt 0:10:45] White is slightly better.} ({But not} 9. Nxg6 hxg6 10. Qf3 e6 $11) 9... Nd7 10. Bxc6 bxc6 11. f4 f6 {[%emt 0:02:00] [#]} 12. Nf3 $146 (12. Nxd7 $11 {should be considered.} Kxd7 13. O-O) ({Predecessor:} 12. Nxg6 hxg6 13. Qf3 e6 14. Nc3 Bd6 15. O-O-O O-O-O 16. h4 Rh6 17. Rh3 Rdh8 18. Rdh1 {1-0 (26) Suder,R (2138)-Falkowski,D (2059) Wagrowiec 2016}) 12... e5 $15 13. Qe2 O-O-O 14. f5 Bf7 15. Nbd2 Qa5 {[%emt 0:02:11] aiming for ...e4.} 16. c3 Bd6 17. e4 g5 18. Kf2 h5 {[%emt 0:02:43] White must now prevent ...hxg4.} 19. a3 (19. Kg2 $15) 19... Qa6 (19... c4 $17 20. dxc4 dxc4) 20. c4 Rh6 21. Kg2 Qb7 22. Qd1 Rdh8 23. Qc2 Kd8 24. Rab1 Ke7 25. Rbe1 d4 26. Rb1 Qa6 27. Rh2 R8h7 28. Ra1 Qc8 29. Rah1 a5 30. Qd1 Bc7 31. Qc2 Nb6 32. a4 Qh8 33. Qd1 Nc8 (33... Rg7 $15) 34. Ba3 $11 Bb6 35. Qe1 Nd6 36. Nf1 Be8 (36... h4 $15) 37. Ng3 (37. Bc1 $1 $14) 37... Qg7 (37... h4 $15) 38. Qc1 ({Better is} 38. Nxh5 $14 Bxh5 39. gxh5) 38... Rh8 ({Black should play} 38... h4 $15 39. Nf1 Kd8) 39. b4 $2 (39. Nxh5 $11 Bxh5 40. gxh5) 39... axb4 $19 40. Bxb4 cxb4 41. c5 Bc7 {[%emt 0:00:09] [#] Hoping for ...Nb7.} 42. cxd6+ Bxd6 43. Qc4 (43. a5 $17) 43... Qf7 44. Qa6 (44. Qxf7+ Bxf7 45. Nxh5) 44... hxg4 45. Nd2 Qa2 46. Ngf1 Qc2 {[%emt 0:04:20] [#] ...Qd1 is the strong threat.} 47. Kg3 $2 (47. hxg4 Rxh2+ 48. Rxh2 Rxh2+ 49. Kxh2) 47... Qd1 {[%emt 0:02:56] And now ...Qe1+ would win.} 48. Qc4 Qe1+ 49. Kg2 g3 50. Qe6+ Kd8 51. Qxd6+ Bd7 $2 (51... Kc8 52. Nxg3 Qxd2+ 53. Kg1 Qe3+ 54. Kf1 Qxd3+ 55. Kg2 g4) 52. Qb8+ $2 (52. Kg1 gxh2+ 53. Rxh2) 52... Ke7 53. Qxb4+ c5 $1 54. Qxc5+ Kf7 (54... Ke8 $142 55. Nxg3 Qxd2+ 56. Kg1 Qe3+ 57. Kg2 Qd2+ 58. Kg1 Qxd3) 55. Qd5+ Ke8 {[%emt 0:00:37][%csl Gg3][%cal Re1f2] The board is on fire.} 56. Nxg3 Qxd2+ {Weighted Error Value: White=0.43/Black=0.33} 0-1

[Event "Asian Amateur-ch Open 2022"]
[Site "Muscat"]
[Date "2022.10.02"]
[Round "2.5"]
[White "Salim Mohammed, Salim Al Amri"]
[Black "Al Balushi, Emad"]
[Result "1-0"]
[ECO "D80"]
[WhiteElo "1952"]
[BlackElo "1617"]
[Annotator "TA"]
[PlyCount "53"]
[EventDate "2022.09.29"]
[EventType "swiss"]
[SourceTitle "playchess.com"]
[Source "ChessBase"]
[SourceQuality "1"]
[TimeControl "5400+30"]

1. d4 Nf6 2. c4 g6 3. Nc3 d5 4. Bg5 dxc4 5. e4 c6 6. Bxc4 {[%emt 0:01:01] Threatens to win with Qb3. D80: Grünfeld: Unusual White 4th moves and 4 Bg5.} Bg7 7. a4 {[%emt 0:01:06] Inhibits b5. White is more active.} O-O {[%emt 0:03:02] [#]} 8. Nf3 $146 {[%emt 0:02:35] White is better.} ({Predecessor:} 8. Nge2 Qa5 9. e5 Nd5 10. Bxd5 cxd5 11. Bxe7 Re8 12. b4 Qa6 13. Bg5 Qc4 14. O-O {1-0 (27) Sloniewska,A (1409)-Rembecki,R (1366) Warsaw 2018}) 8... Bg4 9. Qd2 Bxf3 10. gxf3 Qd7 11. h4 Nh5 12. Rd1 Rd8 13. d5 Bf6 {[%emt 0:11:45] [#]} (13... Qc7 $11 {remains equal.}) 14. Bxf6 $1 $16 Nxf6 {[%emt 0:00:40][%mdl 8192] This costs Black the game.} (14... exf6 $16 15. d6 c5) 15. h5 $18 {[%emt 0:00:28] hxg6 is the strong threat.} Nxh5 {[%emt 0:08:56] [#]} (15... cxd5 {was necessary.} 16. hxg6 (16. exd5 Nxh5 17. Qg5 Kh8 $11) 16... fxg6) 16. Rxh5 $1 gxh5 (16... Qe8 17. Qg5) 17. Qg5+ Kh8 18. dxc6 {[%emt 0:00:12][%mdl 64] Discovered Attack} Qxd1+ 19. Nxd1 Nxc6 20. Bxf7 Rf8 21. Qxh5 Kg7 22. Bd5 Rf6 23. Ne3 Nd4 24. e5 Rg6 25. Qh4 Rg1+ 26. Kd2 e6 27. Qf6+ {[%emt 0:00:29] Weighted Error Value: White=0.10 (very precise) /Black=0.75} (27. Nf5+ $142 Kg8 28. Qf6 h5 29. Ne7+ Kh7 30. Be4+ Nf5 31. Qxe6 Rd8+ 32. Ke2) 1-0

[Event "Asian Amateur-ch Open 2022"]
[Site "Muscat"]
[Date "2022.10.02"]
[Round "2.6"]
[White "UMER S.M"]
[Black "Alharthi, Ahmed Mohammed A"]
[Result "1/2-1/2"]
[ECO "E62"]
[WhiteElo "1631"]
[BlackElo "1950"]
[Annotator "TA"]
[PlyCount "143"]
[EventDate "2022.09.29"]
[EventType "swiss"]
[SourceTitle "playchess.com"]
[Source "ChessBase"]
[SourceQuality "1"]
[TimeControl "5400+30"]

1. d4 Nf6 2. Nf3 g6 3. g3 Bg7 4. Bg2 O-O 5. O-O d6 6. c4 c6 7. Nc3 Bf5 $1 {[%emt 0:00:48][%mdl 4] is currently scoring better than 7...Qa5.} 8. Nh4 Be6 9. Qd3 {[%emt 0:03:30] E62: King's Indian: Fianchetto: 6...c6 and Panno Variation (6...Nc6) without ...a6.} Na6 (9... d5 $11) 10. e4 $14 {[%emt 0:07:19] [#]} Nb4 $146 ({Predecessor:} 10... d5 11. cxd5 cxd5 12. e5 Ne8 13. f4 Nb4 14. Qe2 Qd7 15. Be3 Nc7 16. Rac1 Rac8 {1-0 (39) Gruettemeier,U-Sandkamp,R (2215) Germany 1991}) 11. Qe2 {[%emt 0:02:05] White is slightly better.} Bg4 12. f3 Bc8 13. a3 (13. f4 $16) 13... Na6 14. Be3 e5 15. Rad1 Qe7 16. d5 c5 (16... cxd5 $11 17. exd5 (17. Nxd5 Nxd5 18. cxd5 f5 $11) (17. cxd5 Bd7 $14) 17... Bd7) 17. Qd2 $16 Nh5 18. Bh6 f5 19. exf5 gxf5 20. Qg5 Qxg5 21. Bxg5 Rf7 22. Bh3 {[%emt 0:10:31] White is more active.} Nc7 23. Ng2 (23. Rf2 $16) 23... Rb8 24. g4 (24. a4 $14) 24... h6 (24... f4 $11) 25. Bc1 (25. gxh5 $2 hxg5 26. Ne1 b5 $19) (25. Bd8 $1 $14 Nf4 26. Nxf4 exf4 27. Bxc7 Rxc7 28. Nb5 (28. gxf5 Bxc3 29. bxc3 b5 $14)) 25... f4 $1 $11 26. b4 (26. Kf2 {is interesting.} b5 27. Rg1 Kh7 28. Ne1) 26... b6 27. Ne4 Bf8 28. Nh4 Nf6 29. Nf5 (29. Nxf6+ $11 Rxf6 30. Rf2) 29... Nxe4 $17 30. fxe4 Ne8 31. Bg2 Nf6 32. Bf3 Kh7 (32... h5 $17 33. h3 hxg4 34. hxg4 Bxf5 35. gxf5 cxb4 36. axb4 Rc8) 33. Kh1 (33. Bd2 $15) 33... Bd7 ({Better is} 33... cxb4 $17 34. axb4 Rc7) 34. b5 a6 35. a4 axb5 36. axb5 Ra8 $1 {[%emt 0:00:06] And now ...Ra4 would win.} 37. Rd3 Ra1 38. Rg1 (38. h3 $17) 38... h5 $1 $19 39. h3 {[%emt 0:00:02] g5 is the strong threat.} (39. gxh5 $2 Bxf5 40. exf5 e4 $19) 39... hxg4 (39... Bxf5 $19 40. exf5 (40. gxf5 Rg7 $17) 40... hxg4 41. hxg4 e4) 40. hxg4 $17 Kg6 {[%emt 0:00:21] Hoping for ...Ra4.} 41. Bd2 $2 (41. Rd2 $17 {keeps fighting.}) 41... Rh7+ $19 42. Kg2 Rxg1+ 43. Kxg1 Kg5 $1 44. Be1 $2 (44. Ra3 {is more resistant.} Nxg4 45. Ng3) 44... Nxg4 45. Bh4+ Kh5 (45... Rxh4 $142 46. Nxh4 Kxh4) 46. Bd8 Bxf5 47. exf5 Rb7 $2 (47... Ra7 $17 {Strongly threatening ...Be7.} 48. f6 (48. Bxb6 Ra1+ 49. Rd1 Ra3 $15) 48... Kh4 49. f7+ (49. Bxb6 Rb7 $15) 49... Kg3 50. Bxb6 Ra8 51. Bd1+ Ne3 52. Rxe3+ fxe3) 48. Rd2 $1 $18 Be7 49. Rh2+ Kg5 {[%emt 0:00:27] [#]} 50. Rh7 Ra7 {[%emt 0:02:03] Threatens to win with ...Ra1+.} (50... Bxd8 $2 51. Rxb7 Ne3 52. Rb8) 51. Bxe7+ ({Not} 51. Rxe7 Ra1+ 52. Kg2 Ra2+ 53. Kh1 Ra1+ 54. Kg2 Ra2+ 55. Kh1 Ra1+ 56. Kg2 $11) 51... Kxf5 52. Bxg4+ $2 ({Only move:} 52. Rh5+ $18 Kg6 53. Rg5+ (53. Bxg4 Rxe7 54. Rh8 Ra7 $14) 53... Kh6 54. Rxg4 Rxe7 55. Be4) 52... Kxg4 {[%emt 0:00:06][%mdl 4096] Endgame KRB-KR} 53. Rh4+ $2 (53. Kf2 $11) 53... Kg3 54. Kf1 Rxe7 {[%emt 0:00:14] KR-KR} 55. Rh6 Rd7 56. Ke2 f3+ 57. Ke3 e4 58. Rg6+ Kh2 $2 (58... Kh3 $19 59. Kf2 Ra7 60. Rh6+ Kg4) 59. Re6 $2 (59. Kf2 $11 Kh3 60. Re6) 59... Kg2 60. Rg6+ Kf1 61. Rf6 Ra7 62. Rxd6 Ra3+ 63. Kxe4 f2 $2 (63... Ke2 {mates} 64. Rh6 f2 65. Rh1 Rc3 66. Ke5 Rxc4 67. Ra1 f1=Q 68. Ra2+ Kd3 69. Kd6 Rd4 70. Ra7 c4 71. Rc7 c3 72. Rh7 c2 73. Rc7 Qf4+ 74. Kd7 Rxd5+ 75. Kc8 {[#]} Qxc7+ $3 76. Kxc7 c1=Q+ 77. Kb7 Rd7+ 78. Ka6 Qc8+ 79. Kxb6 Qc7+ 80. Ka6 Qa7#) 64. Rf6 $19 Rc3 $2 ({Black should try} 64... Ke2 $17 {( -> ...Re3+)} 65. d6 Re3+ 66. Kd5 Rf3 67. Rxf3 Kxf3) 65. d6 $11 {[%emt 0:00:11] The position is equal.} ({Don't blunder} 65. Rxb6 $2 Ke2 66. Ke5 f1=Q $19) 65... Rxc4+ 66. Ke3 Rc3+ (66... Ke1 $5 67. d7 $8 Rd4 68. Rxf2 Rxd7 $11) 67. Kd2 Rg3 {[%emt 0:00:08] aiming for ...c4.} 68. d7 Rg8 69. Ke3 Rg3+ $1 70. Kd2 Rg8 71. Ke3 Rg3+ $1 72. Ke4 {[%emt 0:02:48] And White is the lucky defender.  Weighted Error Value: White=0.71/Black=0.41} 1/2-1/2

[Event "Asian Amateur-ch Open 2022"]
[Site "Muscat"]
[Date "2022.10.02"]
[Round "2.7"]
[White "Takenouchi, Atsushi"]
[Black "Thapa, Krishna"]
[Result "0-1"]
[ECO "D85"]
[WhiteElo "1629"]
[BlackElo "1928"]
[Annotator "TA"]
[PlyCount "92"]
[EventDate "2022.09.29"]
[EventType "swiss"]
[SourceTitle "playchess.com"]
[Source "ChessBase"]
[SourceQuality "1"]
[TimeControl "5400+30"]

1. d4 Nf6 2. c4 g6 3. Nf3 Bg7 4. Nc3 d5 5. cxd5 Nxd5 6. e4 Nxc3 7. bxc3 c5 8. Be3 O-O 9. Qb3 {[%emt 0:02:45] D85: Exchange Grünfeld: Unusual White 7th moves and lines with 7 Nf3.} cxd4 10. cxd4 Nc6 11. Rd1 {[%emt 0:10:30] The position is equal.} Bg4 {[%emt 0:15:23] Strongly threatening ...Bxf3.} 12. e5 {[%emt 0:15:22] [#]} (12. d5 $5 Ne5 13. Be2 $11) 12... b6 $146 ({Predecessor:} 12... Na5 13. Qa3 Qd5 14. Be2 Nc4 15. Qb3 Nxe3 16. fxe3 Be6 17. Qxd5 Bxd5 18. a4 Rfc8 {½-½ (28) Vaitonis,V (1944)-Vicas,M (2010) Lithuania 2016}) 13. a4 Rc8 14. Be2 Na5 15. Qa2 (15. Qb4 $11) 15... Bf5 (15... Be6 $5 16. d5 Bf5 $15) 16. Bd3 {[%emt 0:16:02] [#] Against Rc2} Be6 (16... Bxd3 $1 $17 17. Rxd3 Nc4) 17. Qe2 $15 {[%emt 0:05:13] Against Rc2} Bb3 18. Ra1 Qd7 19. Bb5 Qg4 {[%emt 0:00:14] ...Rc2 is the strong threat.} 20. O-O Bc4 21. Bxc4 Nxc4 22. Qe1 Qd7 23. Nd2 Na5 24. Qd1 Qd5 25. Qf3 Qd7 26. h4 Rc3 (26... Nc6 $15 27. Qd1 f6) 27. Ne4 Rc4 28. h5 h6 (28... Nb3 $15 29. h6 Bh8) 29. hxg6 fxg6 30. Qg3 Qf5 31. Nd2 Rc3 32. Rfc1 (32. Qh4 $5 ) 32... Rfc8 33. Rxc3 Rxc3 34. Qh4 $36 {[%emt 0:00:21][%csl LRe7,LRh6][%mdl 2048] White is pushing.} g5 (34... Nc6 $11) 35. Qh5 $1 $14 ({But not} 35. Qe4 Qxe4 36. Nxe4 Rd3 $15) 35... Qf7 36. Qg4 Qd5 37. Qf5 Rc7 38. Qg6 Qf7 {[%emt 0:00:29] Inhibits Qe8+.} 39. Qe4 Qe6 (39... e6 $14) 40. Qa8+ ({White should try} 40. Nf3 $16) 40... Qc8 41. Qe4 ({White should play} 41. Qf3 $14) 41... Qe6 $1 $16 42. Qa8+ (42. Nf3 $16) 42... Kh7 (42... Qc8 $5 43. Qe4 Qe8 $14) 43. Qe8 Rc8 44. Qh5 Qg6 45. Qh3 e6 46. Nf3 $2 {[%emt 0:00:18][%mdl 8192] [#]} (46. Qg4 $11 {and White is okay.}) 46... g4 {[%emt 0:00:41] Weighted Error Value: White=0.36/Black=0.19 (very precise)} 0-1